 Dungeon Crawl Stone Soup version 0.31.0-11-ge490571c62 (webtiles) character file.

Game seed: 9503467880049316651

4717 firemarshallily the Thrower (level 10, 0/79 HPs)
             Began as a Gnoll Wanderer on Feb 4, 2024.
             Was a Priest of Qazlal.
             Slain by a vampire (4 damage)
             ... on level 9 of the Dungeon on Feb 5, 2024.
             The game lasted 00:40:36 (11629 turns).

firemarshallily the Thrower (Gnoll Wanderer)       Turns: 11629, Time: 00:40:36

Health: 0/79       AC: 12    Str: 11    XL:     10   Next: 45%
Magic:  16/16      EV: 12    Int: 10    God:    Qazlal [***...]
Gold:   689        SH:  0    Dex: 25    Spells: 20/20 levels left

rFire   + + .        n - +1 dagger of Qazlal's Regard {vamp, *Noise rElec rN+++ Dex+5}
rCold   . . .        q - +0 buckler
rNeg    + + +        x - +1 scale mail {rF+}
rPois   .            m - +1 helmet
rElec   +            i - +0 cloak
rCorr   .            (no gloves)
SInv    .            (no boots)
Will    .....        (no amulet) Stlth
                     y - ring of protection from fire
HPRegen 0.33/turn    (no ring)
MPRegen 0.15/turn

%: no passive effects
@: confused
A: fangs 1, strong nose, distributed training, talons 1, agile 1, low MP 1
a: Renounce Religion, Upheaval, Elemental Force


You were on level 9 of the Dungeon.
You worshipped Qazlal.
Qazlal was most pleased with you.
You visited 2 branches of the dungeon, and saw 11 of its levels.
You also visited: Ossuary.

You collected 689 gold pieces.

Inventory:

Hand Weapons
 a - a +2 short sword
 g - a +2 dagger of draining
 n - the +1 dagger of Qazlal's Regard (weapon) {vamp, *Noise rElec rN+++ Dex+5}
   (You took it off an orc on level 3 of the Dungeon)

   Dex+5:     It affects your dexterity (+5).
   rElec:     It insulates you from electricity.
   rN+++:     It renders you almost immune to negative energy.
   *Noise:    It may make a loud noise when swung.
Missiles
 c - 3 boomerangs (quivered)
 h - 16 poisoned darts
Armour
 i - a +0 cloak (worn)
 m - a +1 helmet (worn)
 q - a +0 buckler (worn)
 x - a +1 scale mail of fire resistance (worn)
 E - +0 steam dragon scales
Jewellery
 y - a ring of protection from fire (left hand)
Wands
 f - a wand of iceblast (9)
 o - a wand of mindburst (7)
 p - a wand of digging (1)
 s - a wand of acid (11)
 v - a wand of polymorph (9)
Scrolls
 d - a scroll of brand weapon
 e - a scroll of vulnerability
 j - a scroll of immolation
 r - a scroll of fog
 t - 2 scrolls of teleportation
 w - a scroll of noise
 z - a scroll of enchant armour
 A - a scroll of torment
 C - a scroll of poison
 F - a scroll of amnesia {unknown}
Potions
 b - 6 potions of attraction
 k - a potion of mutation
 l - 2 potions of magic
 u - 4 potions of degeneration


   Skills:
 + Level 7.2 Fighting
 + Level 7.2 Short Blades
 + Level 6.1 Long Blades
 + Level 5.5 Axes
 + Level 5.5 Maces & Flails
 + Level 5.5 Polearms
 + Level 5.5 Staves
 + Level 5.5 Ranged Weapons
 + Level 8.6 Throwing
 + Level 6.1 Armour
 + Level 6.1 Dodging
 + Level 5.5 Stealth
 + Level 5.5 Shields
 + Level 5.5 Unarmed Combat
 + Level 5.5 Spellcasting
 + Level 4.5 Conjurations
 + Level 4.5 Hexes
 + Level 4.5 Summonings
 + Level 4.5 Necromancy
 + Level 4.5 Translocations
 + Level 4.5 Fire Magic
 + Level 4.5 Ice Magic
 + Level 4.5 Air Magic
 + Level 4.5 Earth Magic
 + Level 4.5 Alchemy
 + Level 6.0 Invocations
 + Level 5.5 Evocations
 + Level 5.0 Shapeshifting


You had 20 spell levels left.
You didn't know any spells.
Your spell library contained the following spells:

 Spells                   Type           Power      Damage    Failure   Level
 Freeze                   Ice            44%        1d6       22%         1
 Kiss of Death            Conj/Necr      44%        2d8       22%         1
 Confusing Touch          Hex            11%        N/A       56%         3
 Dazzling Flash           Conj/Hex       22%        N/A       56%         3
 Frozen Ramparts          Ice            22%        1d4       56%         3
 Hailstorm                Conj/Ice       11%        3d6       56%         3
 Tukima's Dance           Hex            11%        N/A       56%         3
 Volatile Blastmotes      Fire/Tloc      22%        2d11      56%         3
 Dimensional Bullseye     Hex/Tloc       5%         N/A       92%         4
 Dispel Undead            Necr           11%        3d9       92%         4
 Iskenderun's Mystic Bla  Conj/Tloc      11%        2d4       92%         4
 Leda's Liquefaction      Alch/Erth      5%         N/A       92%         4
 Petrify                  Alch/Erth      11%        N/A       92%         4
 Metabolic Englaciation   Hex/Ice        5%         N/A       99%         5
 Starburst                Conj/Fire      5%         6d4       100%        6
 Maxwell's Capacitive Co  Air            5%         ∞         100%        8


Dungeon Overview and Level Annotations

Branches:
Dungeon (10/15)            Temple (1/1) D:6            Lair (0/5) D:9
Ossuary (visited)
    Orc: D:9-12

Altars:
Ashenzari
Cheibriados
Dithmenos
Elyvilon
Fedhas
Gozag
Hepliaklqana
Kikubaaqudgha
Makhleb
Nemelex Xobeh
Okawaru
Qazlal
Ru
Sif Muna
Trog
Wu Jian
Xom
Yredelemnul
Zin
The Shining One

Shops:
D:7 =

Annotations:
D:4 3 runed translucent doors, dlwiii's ghost, amateur DgDe
D:5 exclusion: steam dragon
D:7 Erica
D:8 2 runed translucent doors


Innate Abilities, Weirdness & Mutations

You have very sharp teeth.
Your uncanny sense of smell can sniff out nearby items.
Your experience applies equally to all skills.
You have sharp toenails.
You are agile. (Dex +4, Str/Int -1)
Your magical capacity is low. (-10% MP)


Message History

You are confused.
Things that are here:
5 stones; a +0 whip; a kobold corpse You hear some strange, mumbled words.
You are more confused.
You see here a +0 whip.
Things that are here:
5 stones; a +0 whip; a kobold corpse You hit something but do no damage.
Something hits you but does no damage. Something bites you but does no damage.
You hit something. You barely miss something. Something hits you.
Something bites you. Something hits you! Something bites you.
You're too confused to move!
Something completely misses you. Something bites you. Something hits you.
Something bites you but does no damage.
Okay, then.
You are too confused!
Something hits you.
* * * LOW HITPOINT WARNING * * *
Something bites you!
* * * LOW HITPOINT WARNING * * *
Something hits you.
* * * LOW HITPOINT WARNING * * *
Something bites you but does no damage.
You feel extremely strange.
You feel genetically unstable.
You feel more encumbered by your armour.
Your connection to magic feels subdued.
You feel yourself wasting away.
You hear some strange, mumbled words.
You are more confused.
You feel extremely strange.
You feel healthier.
Your magic regains its normal vibrancy.
You feel less energetic.
You feel agile.
Your toenails lengthen and sharpen.
Something hits you.
* * * LOW HITPOINT WARNING * * *
Something bites you.
* * * LOW HITPOINT WARNING * * *
You bump into the rock wall.
Something hits you.
You die...

#....##...<....# #.# #..≈≈≈≈≈
####.##..####..# #.# #.......
#.....# #..# #.# ####.### ##
#...#.####..####.######....#
.###.#...##......##........######
.>.......##......#########......#
##..####.........#### ######.#
#..## ##..))...○...###### #.#
#.## ##(>(..{@#...)[..# #.# #.#
##.)....###.###[# #.# #.#
#......# #..##.#### #.# #.#
#......####..#....###.. ..#
####....####.####..#### .##
####..# #.#####..... ##
##.###....####... # ##...###...#
#..# #####...>....#####.##


There were no monsters in sight!

Vanquished Creatures
  Pikel (D:7)
  A troll (D:9)
  3 wyverns (D:8)
  Grum (D:9)
  2 steam dragons
  A water moccasin (D:6)
  A sky beast (D:6)
  2 black bears
  An orc warrior (D:7)
  2 ice beasts
  2 centaurs
  2 ogres
  4 wolves
  A phantom (D:5)
  A lemure (D:7)
  3 kobold brigands
  A weeping skull (Ossuary)
  A gnoll sergeant (D:9)
  3 water moccasin zombies (Ossuary)
  2 howler monkeys (D:7)
  A hound (D:4)
  3 bombardier beetles
  A jelly (D:5)
  5 orc priests
  2 gnoll boudas
  4 iguanas
  10 orc wizards
  Natasha (thrice) (D:2)
  A scorpion zombie (D:4)
  2 crocodile zombies (Ossuary)
  A bullfrog simulacrum (Ossuary)
  A hound zombie (D:4)
  2 mummies (Ossuary)
  Robin (D:2)
  4 adders
  10 gnolls
  A shadow imp (D:6)
  A white imp (D:5)
  4 adder zombies (Ossuary)
  3 ribbon worms
  2 dart slugs
  25 orcs
  4 bats
  5 endoplasms
  5 giant cockroaches
  10 gnoll zombies (Ossuary)
  15 goblins
  13 hobgoblins
  21 kobolds
  4 quokkas
  5 ball pythons
  A frilled lizard (D:2)
  9 jackal zombies (Ossuary)
  8 orc zombies (Ossuary)
  4 rats
226 creatures vanquished.

Vanquished Creatures (others)
  An orc (D:8)
1 creature vanquished.

Grand Total: 227 creatures vanquished

Notes
Turn   | Place    | Note
-------+----------+-------------------------------------------
     0 | D:1      | firemarshallily the Gnoll Wanderer began the quest for the
                  | Orb.
     0 | D:1      | firemarshallily set off with the following items: a +2
                  | short sword, a +0 falchion, 10 boomerangs, a +0 dagger, a
                  | potion of haste, a +0 robe.
     0 | D:1      | Reached XP level 1. HP: 20/20 MP: 1/1
   121 | D:1      | Reached XP level 2. HP: 23/26 MP: 2/2
   484 | D:1      | Reached XP level 3. HP: 31/31 MP: 3/3
   910 | D:2      | Noticed Robin
   919 | D:2      | Killed Robin
   920 | D:2      | Reached skill level 1 in Invocations
   935 | D:2      | Reached skill level 1 in Axes
   935 | D:2      | Reached skill level 1 in Maces & Flails
   935 | D:2      | Reached skill level 1 in Polearms
   935 | D:2      | Reached skill level 1 in Staves
   935 | D:2      | Reached skill level 1 in Ranged Weapons
   935 | D:2      | Reached skill level 1 in Stealth
   935 | D:2      | Reached skill level 1 in Shields
   935 | D:2      | Reached skill level 1 in Unarmed Combat
   935 | D:2      | Reached skill level 1 in Spellcasting
   935 | D:2      | Reached skill level 1 in Evocations
   957 | D:2      | Reached skill level 1 in Shapeshifting
   957 | D:2      | Reached XP level 4. HP: 23/38 MP: 5/5
  1038 | D:2      | Noticed Natasha
  1061 | D:2      | Killed Natasha
  1062 | D:2      | Reached skill level 1 in Conjurations
  1062 | D:2      | Reached skill level 1 in Hexes
  1062 | D:2      | Reached skill level 1 in Summonings
  1062 | D:2      | Reached skill level 1 in Necromancy
  1062 | D:2      | Reached skill level 1 in Translocations
  1062 | D:2      | Reached skill level 1 in Fire Magic
  1062 | D:2      | Reached skill level 1 in Ice Magic
  1062 | D:2      | Reached skill level 1 in Air Magic
  1062 | D:2      | Reached skill level 1 in Earth Magic
  1062 | D:2      | Reached skill level 1 in Alchemy
  1262 | D:2      | Noticed Natasha
  1273 | D:2      | Killed Natasha
  1351 | D:2      | Noticed Natasha
  1354 | D:2      | Killed Natasha
  1355 | D:2      | Reached XP level 5. HP: 43/43 MP: 7/7
  1966 | D:2      | Gained mutation: Your movements are slightly less
                  | encumbered by armour. (ER -2) [potion of mutation]
  1966 | D:2      | Gained mutation: You are somewhat resistant to further
                  | mutation. [potion of mutation]
  2245 | D:3      | Identified the +1 dagger of Qazlal's Regard {vamp, *Noise
                  | rElec rN+++ Dex+5}
  2272 | D:3      | Found a stormy altar of Qazlal.
  2284 | D:3      | Reached XP level 6. HP: 50/50 MP: 8/8
  2287 | D:3      | Became a worshipper of Qazlal Stormbringer
  2687 | D:4      | Reached skill level 5 in Fighting
  2687 | D:4      | Reached skill level 5 in Short Blades
  2719 | D:4      | Found a snail-covered altar of Cheibriados.
  3056 | D:4      | Found a runed translucent gate.
  3056 | D:4      | Found a runed translucent gate.
  3057 | D:4      | Found a runed translucent gate.
  3057 | D:4      | Noticed dlwiii's ghost (amateur DgDe)
  3271 | D:4      | Reached * piety under Qazlal
  3275 | D:4      | Found a basalt altar of Yredelemnul.
  3338 | D:4      | Reached skill level 7 in Throwing
  3338 | D:4      | Reached XP level 7. HP: 56/56 MP: 10/10
  3514 | D:5      | Entered Level 5 of the Dungeon
  3624 | D:5      | Found a broken altar of Ashenzari.
  3717 | D:5      | HP: 1/56 [iguana (7)]
  4415 | D:5      | Noticed a steam dragon
  4583 | D:5      | Reached XP level 8. HP: 34/63 MP: 12/12
  4704 | D:5      | Found a white marble altar of Elyvilon.
  5304 | D:6      | Found a staircase to the Ecumenical Temple.
  5507 | D:6      | Found a glowing silver altar of Zin.
  5645 | Temple   | Entered the Ecumenical Temple
  6090 | D:6      | Found an iron altar of Okawaru.
  6261 | D:6      | Found an opulent altar of Gozag.
  6352 | D:6      | Reached XP level 9. HP: 67/69 MP: 14/14
  6669 | D:7      | Found a sand-covered staircase.
  6673 | Ossuary  | Entered an ossuary
  6772 | Ossuary  | Reached ** piety under Qazlal
  7122 | Ossuary  | Reached skill level 5 in Long Blades
  7122 | Ossuary  | Reached skill level 5 in Armour
  7122 | Ossuary  | Reached skill level 5 in Dodging
  7366 | D:7      | Found Maer's Jewellery Shoppe.
  7600 | D:7      | Noticed Pikel
  7651 | D:7      | Killed Pikel
  7652 | D:7      | Reached skill level 8 in Throwing
  7652 | D:7      | Reached skill level 5 in Invocations
  7658 | D:7      | Reached *** piety under Qazlal
  8525 | D:8      | Noticed Erica
  9252 | D:8      | Found a runed translucent door.
  9259 | D:8      | Found a runed translucent door.
  9438 | D:8      | Reached skill level 5 in Axes
  9438 | D:8      | Reached skill level 5 in Maces & Flails
  9438 | D:8      | Reached skill level 5 in Polearms
  9438 | D:8      | Reached skill level 5 in Staves
  9438 | D:8      | Reached skill level 5 in Ranged Weapons
  9438 | D:8      | Reached skill level 5 in Stealth
  9438 | D:8      | Reached skill level 5 in Shields
  9438 | D:8      | Reached skill level 5 in Unarmed Combat
  9438 | D:8      | Reached skill level 5 in Spellcasting
  9438 | D:8      | Reached skill level 5 in Evocations
  9438 | D:8      | Reached XP level 10. HP: 60/77 MP: 17/17
  9612 | D:8      | Found a bloodstained altar of Trog.
 10109 | D:9      | Found a burning altar of Makhleb.
 10742 | D:9      | Found a staircase to the Lair.
 10746 | D:9      | Noticed Grum
 11177 | D:9      | Killed Grum
 11178 | D:9      | Reached skill level 5 in Shapeshifting
 11412 | D:9      | Found a sparkling altar of Nemelex Xobeh.
 11522 | D:10     | Entered Level 10 of the Dungeon
 11627 | D:9      | Lost mutation: You are somewhat resistant to further
                  | mutation. [potion of mutation]
 11627 | D:9      | Lost mutation: Your movements are slightly less encumbered
                  | by armour. (ER -2) [potion of mutation]
 11627 | D:9      | Gained mutation: Your spells are a little easier to cast,
                  | but a little less powerful. [potion of mutation]
 11627 | D:9      | Gained mutation: Your body sometimes deteriorates upon
                  | taking damage. [potion of mutation]
 11628 | D:9      | Lost mutation: Your body sometimes deteriorates upon taking
                  | damage. [potion of mutation]
 11628 | D:9      | Lost mutation: Your spells are a little easier to cast, but
                  | a little less powerful. [potion of mutation]
 11628 | D:9      | Gained mutation: Your magical capacity is low. (-10% MP)
                  | [potion of mutation]
 11628 | D:9      | Gained mutation: You are agile. (Dex +4, Str/Int -1)
                  | [potion of mutation]
 11628 | D:9      | Gained mutation: You have sharp toenails. [potion of
                  | mutation]
 11629 | D:9      | Slain by a vampire

Illustrated notes

Levels and vault maps discovered:
D:1:      erik_arrival_cave_to_civilisation [erik_arrival_cave_to_hall],
          layout_basic
D:2:      layout_basic, uniq_natasha, uniq_robin
D:3:      layout_basic, nicolae_qazlal_scattered_showers
D:4:      layout_loops_cross, slow_altar_1, lemuel_zombie_altar_yredelemnul,
          gammafunk_ghost_nasty_kobolds
D:5:      layout_basic, nicolae_elyvilon_temple_path,
          mainiacjoe_overflow_tiny_flanked, minmay_starry_boxes
D:6:      layout_basic, pdpol_temple_overflow_zin_treasury_gozag_greed,
          lemuel_tele_altar, temple_pool_b, minmay_misc_feat_ornament,
          minivault_24
D:7:      layout_layer_cave, serial_shops, nicolae_shop_window_shopping,
          enter_ossuary_5, uniq_pikel
D:8:      lemuel_insect_pit, layout_basic, kennysheep_little_box, uniq_erica
D:9:      layout_rooms, mainiacjoe_overflow_catwalk,
          nemelex_diamond_rough_becter, dpeg_oklobed_lair, uniq_grum
D:10:     layout_rooms, nicolae_overflow_hidden_temple, david_orc_2, uniq_maggie
Temple:   dpeg_three_leaves_temple

Skill      XL: |  1  2  3  4  5  6  7  8  9 10 |
---------------+-------------------------------+-----
Invocations    | 1 2 3 4 5 6 |  6.0
Axes           | 1 2 3 5 |  5.5
Maces & Flails | 1 2 3 5 |  5.5
Polearms       | 1 2 3 5 |  5.5
Staves         | 1 2 3 5 |  5.5
Ranged Weapons | 1 2 3 5 |  5.5
Stealth        | 1 2 3 5 |  5.5
Shields        | 1 2 3 5 |  5.5
Unarmed Combat | 1 2 3 5 |  5.5
Spellcasting   | 1 2 3 5 |  5.5
Evocations     | 1 2 3 5 |  5.5
Shapeshifting  | 1 2 3 4 5 |  5.0
Conjurations   | 1 2 3 4 |  4.5
Hexes          | 1 2 3 4 |  4.5
Summonings     | 1 2 3 4 |  4.5
Necromancy     | 1 2 3 4 |  4.5
Translocations | 1 2 3 4 |  4.5
Fire Magic     | 1 2 3 4 |  4.5
Ice Magic      | 1 2 3 4 |  4.5
Air Magic      | 1 2 3 4 |  4.5
Earth Magic    | 1 2 3 4 |  4.5
Alchemy        | 1 2 3 4 |  4.5
Long Blades    | 3 4 5 6 |  6.1
Armour         | 3 4 5 6 |  6.1
Dodging        | 3 4 5 6 |  6.1
Fighting       | 5 6 7 |  7.2
Short Blades   | 5 6 7 |  7.2
Throwing       | 7 8 |  8.6

Action                     |  1- 3 |  4- 6 |  7- 9 | 10-12 || total
---------------------------+-------+-------+-------+-------++-------
  Melee: Short sword       |    84 |    57 |       |       ||   141
         Bite              |     4 |    15 |   129 |    44 ||   192
         Dagger            |       |    94 |   762 |   319 ||  1175
         Punch             |       |     6 |    32 |     6 ||    44
  Throw: Boomerang         |    41 |    61 |   115 |    14 ||   231
 Invoke: Upheaval          |       |       |     1 |     3 ||     4
    Use: Scroll            |       |     2 |    12 |     6 ||    20
         Potion            |       |     2 |     8 |     9 ||    19
   Stab: Sleeping          |     1 |     5 |       |       ||     6
         Invisible         |       |       |     4 |       ||     4
 Armour: Robe              |    30 |    33 |    50 |       ||   113
         Skin              |       |    16 |       |    15 ||    31
         Leather armour    |       |    33 |   222 |       ||   255
         Scale mail        |       |       |    38 |   198 ||   236
  Dodge: Dodged            |    38 |    54 |   326 |   152 ||   570
  Block: Other             |       |       |    54 |    18 ||    72
         Buckler           |       |       |       |    91 ||    91
